 Dungeon Crawl Stone Soup version 0.28.0 (webtiles) character file.

Game seed: 6281640548049790459

114 Vidalia the Chopper (level 4, 0/45 HPs)
             Began as a Hill Orc Fighter on Feb 10, 2022.
             Slain by a rat (1 damage)
             ... on level 4 of the Dungeon.
             The game lasted 00:16:19 (2249 turns).

Vidalia the Chopper (Hill Orc Fighter)              Turns: 2249, Time: 00:16:22

Health: 0/45       AC:  6    Str: 18    XL:     4   Next: 97%
Magic:  4/4        EV:  9    Int:  8    God:
Gold:   119        SH:  4    Dex: 10    Spells: 3/3 levels left

rFire   . . .      SeeInvis .   a - +0 war axe
rCold   . . .      Faith    .   c - +0 buckler
rNeg    . . .      Spirit   .   b - +0 scale mail
rPois   .          Reflect  .   m - +2 hat
rElec   +          Harm     .   (no cloak)
rCorr   .          Rampage  .   (no gloves)
Will    .....                   (no boots)
Stlth   ..........              p - amulet of regeneration
HPRegen 0.95/turn               (no ring)
MPRegen 0.09/turn               (no ring)

@: no status effects
A: deformed body, robust 1, electricity resistance, weak 1
a: Convert to Beogh


You were on level 4 of the Dungeon.
You visited 1 branch of the dungeon, and saw 4 of its levels.

You collected 119 gold pieces.

Inventory:

Hand Weapons
 a - a +0 war axe (weapon)
 e - a +0 rapier
 l - a +3 hand axe
Armour
 b - a +0 scale mail (worn)
 c - a +0 buckler (worn)
 m - a +2 hat (worn)
Jewellery
 p - an amulet of regeneration (around neck)
Scrolls
 f - 2 scrolls of immolation {unknown}
 g - a scroll of teleportation {unknown}
 h - a scroll of enchant weapon {unknown}
 j - a scroll of vulnerability {unknown}
 k - 5 scrolls of identify {unknown}
 n - a scroll of blinking {unknown}
Potions
 d - a potion of might


   Skills:
 + Level 4.4 Fighting
 + Level 4.6 Axes
 + Level 4.1 Armour
 + Level 0.1 Dodging
 + Level 3.6 Shields


You had 3 spell levels left.
You didn't know any spells.
Your spell library contained the following spells:

 Spells                   Type           Power      Damage    Failure   Level
 Ensorcelled Hibernation  Hex/Ice        0%         N/A       95%         2
 Passwall                 Tmut/Erth      0%         N/A       95%         2
 Swiftness                Air            0%         N/A       99%         3


Dungeon Overview and Level Annotations

Branches:
Dungeon (4/15)
 Temple: D:4-7

Altars:
Makhleb

Portals:
Sewer: D:4


Innate Abilities, Weirdness & Mutations

Armour fits poorly on your strangely shaped body.
You are robust. (+10% HP)
You are resistant to electric shocks. (rElec)
You are weak. (Str -2)


Message History

The orc priest threatens, "By the altar or by the axe, you will meet Beogh!"
You hit the adder.
You kill the adder!
You feel sick. The phantom hits you.
* * * LOW HITPOINT WARNING * * *
The phantom blinks!
You blink.
Found 30 stones.
The orc barely misses you. The orc priest barely misses you.
It was a potion of ambrosia.
You are confused.
You feel invigorated.
You feel sick. The phantom closely misses you. The orc barely misses you.
The orc hits you but does no damage.
The orc priest hits you but does no damage.
It was a potion of mutation.
You feel extremely strange.
Your body twists and deforms.
You feel weaker.
You feel insulated.
You feel robust.
You feel sick. The phantom hits you. The orc hits you but does no damage. x2
The orc priest barely misses you.
The orc priest shouts, "Join the one true god or die!"
You barely miss the orc priest. You slash the kobold!
You kill the kobold!
You barely miss the phantom. You barely miss the orc. You miss the orc.
You closely miss the rat.
You feel less invigorated.
You feel less confused.
You feel sick.
You are no longer poisoned.
The phantom hits you. The orc hits you but does no damage. x2
The orc priest mumbles some strange prayers to Beogh against you.
Pain shoots through your body!
* * * LOW HITPOINT WARNING * * *
The rat bites you but does no damage. You block the phantom's attack.
The orc closely misses you. The orc hits you with a +0 club.
* * * LOW HITPOINT WARNING * * *
You closely miss the orc. x2; You hit the rat but do no damage.
You hit the orc priest but do no damage.
You barely miss the phantom. You block the orc priest's attack.
You block the rat's attack. The phantom barely misses you.
The orc closely misses you. The orc hits you with a +0 club.
* * * LOW HITPOINT WARNING * * *
The orc priest barely misses you. The rat bites you.
You die...

.#######......##### .#
#......# .(. .# #......#
....
.#######......######....
......##......#......(..
......##......#.........
......''......#.........
......##.....##.)o......
......###.....#W@.......
......#######'#oor......
......+.................
......###......)##+#####
......# #.........
......# #....#...#.. ..
#....≈≈≈≈≈ ..# ##
#..#≈≈≈≈≈≈≈ .#
########.#..≈≈≈≈≈≈≈. #


You could see a phantom, an orc priest, 2 orcs and a rat.

Vanquished Creatures
  Jessica (D:2)
  A gnoll (D:1)
  An adder (D:4)
  2 worms (D:2)
  7 orcs
  6 ball pythons
  6 endoplasms
  5 hobgoblins
  2 jackals (D:1)
  4 kobolds
  2 quokkas
  4 bats
  4 frilled lizards
  6 goblins
  3 rats
54 creatures vanquished.

Vanquished Creatures (others)
  A plant (D:4)
1 creature vanquished.

Grand Total: 55 creatures vanquished

Notes
Turn   | Place    | Note
-------+----------+-------------------------------------------
     0 | D:1      | Vidalia the Hill Orc Fighter began the quest for the Orb.
     0 | D:1      | Reached XP level 1. HP: 19/19 MP: 1/1
   227 | D:1      | Reached XP level 2. HP: 23/27 MP: 2/2
   399 | D:1      | HP: 1/27 [gnoll (2)]
   405 | D:1      | Reached XP level 3. HP: 2/33 MP: 3/3
  1176 | D:2      | Found a faded altar of an unknown god.
  1204 | D:2      | Noticed Jessica
  1205 | D:2      | Found a burning altar of Makhleb.
  1211 | D:2      | Killed Jessica
  1212 | D:2      | Reached XP level 4. HP: 19/41 MP: 4/4
  1958 | D:3      | Noticed a kobold brigand
  2239 | D:4      | Found a glowing drain.
  2239 | D:4      | Noticed a phantom
  2247 | D:4      | Gained mutation: Armour fits poorly on your strangely
                  | shaped body. [potion of mutation]
  2247 | D:4      | Gained mutation: You are weak. (Str -2) [potion of
                  | mutation]
  2247 | D:4      | Gained mutation: You are resistant to electric shocks.
                  | (rElec) [potion of mutation]
  2247 | D:4      | Gained mutation: You are robust. (+10% HP) [potion of
                  | mutation]
  2249 | D:4      | HP: 1/45 [orc (4)]
  2249 | D:4      | Slain by a rat

Illustrated notes

Levels and vault maps discovered:
D:1:      minmay_arrival_solitary_statue, layout_loops_ring, kennysheep_doodads,
          minmay_hedge_maze
D:2:      layout_loops_ring, nicolae_ecumenical_oubliette, basic_altar,
          uniq_jessica
D:3:      cheibrodos_thug_alley, layout_basic, uniq_crazy_yiuf_cottage
D:4:      layout_basic, grunt_temple_overflow_growth_and_decay,
          cheibrodos_sewer_entry_drain, hangedman_abyss_or_decor_slice,
          nicolae_shop_firing_range

Skill      XL: |  1  2  3  4 |
---------------+-------------+-----
Axes           | 3 4 |  4.6
Fighting       | 4 |  4.4
Armour         | 4 |  4.1
Dodging        | |  0.1
Shields        | |  3.6

Action                   |  1- 3 |  4- 6 || total
-------------------------+-------+-------++-------
Melee: War axe           |    88 |    55 ||   143
  Use: Potion            |     1 |     2 ||     3
Armor: Scale mail        |    46 |    32 ||    78
Dodge: Dodged            |    44 |    27 ||    71
Block: Buckler           |    16 |    13 ||    29
